cohdb
Replays
Latest Replays
All Replays
Popular Replays
Top Player Replays
Match Explorer
How It Works
Community
CoH3 Stats
Reddit
Sign in to upload your games and track your stats! →
Sign in with Steam
Match 45392916
Unlisted
Match 45392916
Overview
Messages
Build Orders
End
Construct Weapon Support Center
Engineer Squad
M1919 Machine Gun Team
M1919 Machine Gun Team
Engineer Squad
Infantry Support Center
Construct Barracks
Mortar Pit
Riflemen Squad
Riflemen Squad
M1 Mortar Team
Selects Advanced Infantry Battlegroup
Selects Ammunition Storage
Bazooka Squad
Grenade Package
StAu
marcin.miszkiel
Field marshal Prince
Router Theresa
ARLIK
pedro
Lost Banshee
NaskoczMi
0
0
Comments
sign in to comment!
No comments posted yet!